 Dungeon Crawl Stone Soup version 0.19-a0-1937-g70ed36a (webtiles) character file.

5599 hairmachine the Cleaver (level 10, -3/95 HPs)
             Began as a Hill Orc Abyssal Knight on Oct 26, 2016.
             Was a High Priest of Lugonu.
             Slain by a spiny frog (12 damage)
             ... on level 1 of the Lair of Beasts.
             The game lasted 00:41:42 (14753 turns).

hairmachine the Cleaver (Hill Orc Abyssal Knight)  Turns: 14753, Time: 00:41:42

Health: -3/95      AC: 16    Str: 17    XL:     10   Next: 73%
Magic:  0/14       EV:  5    Int: 12    God:    Lugonu [*****.]
Gold:   425        SH:  3    Dex: 15    Spells: 0 memorised, 9 levels left

rFire  . . .     SeeInvis .     g - +0 war axe (vamp)
rCold  . . .     Gourm    .     F - +0 plate armour
rNeg   . . .     Faith    .     B - +0 buckler
rPois  .         Spirit   +     (no helmet)
rElec  .         Reflect  .     D - +0 cloak
rCorr  .         Harm     .     k - +0 pair of gloves
MR     .....                    (no boots)
Stlth  ..........               h - amulet of guardian spirit {Spirit}
                                r - +3 ring of dexterity
                                (no ring)

@: lethally poisoned (-3 -> -9)
A: no striking features
a: Depart the Abyss, Bend Space, Banish, Corrupt, Enter the Abyss, Renounce
Religion


You were on level 1 of the Lair of Beasts.
You worshipped Lugonu.
Lugonu was extremely pleased with you.
You were not hungry.

You visited 3 branches of the dungeon, and saw 12 of its levels.
You visited the Abyss 1 time.

You collected 425 gold pieces.


   Skills:
 + Level 11.1 Fighting
 + Level 12.8 Axes
 + Level 8.1 Armour
 - Level 0.7 Dodging
 + Level 6.0 Invocations


You had 9 spell levels left.
You didn't know any spells.

Inventory:

Hand Weapons
 a - a +1 hand axe
 g - a +0 vampiric war axe (weapon)
   (You found it on level 6 of the Dungeon)
 p - a +2 dagger of venom
   (You took it off an orc priest on level 3 of the Dungeon)
 u - the +1 flail of Urgency {crush, *Drain rElec rC+++ Dex+4}
   (You found it on level 6 of the Dungeon)

   It inflicts extra damage upon your enemies.
   It affects your dexterity (+4).
   It renders you almost immune to cold.
   It insulates you from electricity.
   It causes draining when unequipped.
Missiles
 v - a throwing net {!f=f, !d}
 z - 20 poisoned needles
Armour
 i - a +0 chain mail
   (You found it on level 5 of the Dungeon)
 k - a +0 pair of gloves (worn)
   (You found it on level 3 of the Dungeon)
 B - a +0 buckler (worn)
   (You found it on level 8 of the Dungeon)
 D - a +0 cloak (worn)
   (You found it on level 9 of the Dungeon)
 F - a +0 plate armour (worn)
   (You took it off an orc warrior on level 9 of the Dungeon)
Jewellery
 h - an amulet of guardian spirit (around neck) {Spirit}
   (You found it on level 2 of the Dungeon)
 r - a +3 ring of dexterity (right hand)
   (You took it off an orc wizard on level 6 of the Dungeon)
 y - an uncursed ring of poison resistance {unknown}
   (You found it on level 10 of the Dungeon)
Wands
 l - a wand of random effects (10/48)
   (You took it off a crimson imp on level 9 of the Dungeon)
 o - a wand of slowing (3/48)
   (You took it off Jessica on level 3 of the Dungeon)
Scrolls
 b - 7 scrolls of remove curse {!r}
 e - a scroll of amnesia {!r, unknown}
 f - a scroll of recharging {!r}
 j - 3 scrolls of magic mapping {!r}
 m - a scroll of enchant weapon {!r, unknown}
 n - 3 scrolls of immolation {!r}
 q - 3 scrolls of identify {!r}
 s - a scroll of random uselessness {!r, unknown}
 A - a scroll of noise {!r, unknown}
 E - a scroll of fog {!r}
 L - a scroll of blinking {!r}
Comestibles
 c - 10 bread rations
 d - 2 meat rations
 t - 4 beef jerkies
 w - 6 fruits
 C - a chunk of flesh

Dungeon Overview and Level Annotations

Branches:
Dungeon (10/15)            Temple (1/1) D:6            Lair (1/6) D:9
    Orc: D:9-12

Altars:
Ashenzari
Cheibriados
Dithmenos
Elyvilon
Fedhas
Gozag
Hepliaklqana
Makhleb
Nemelex Xobeh
Okawaru
Ru
Trog
Vehumet
Xom
Yredelemnul
Zin
The Shining One

Shops:
D:7 =((

Annotations:
D:2 1 runed door, exclusion: door
D:4 hairmachine's ghost, novice HOAK
D:5 hairmachine's ghost, amateur HOAK
D:9 varam's ghost, novice TrMo

#..............#
##..####.F@....#
#P...#...###...#
#.......# ..#
#....#### ... ###..#
... ####..# ..
##....## . #..####
.. .. ##.# .# ....
##.# .##.... #..#
###.#..... ##.#
###........
#.######........#..
#..............##..
#..###...#.#......#
#######ยง..........#


You could see a spiny frog.


Message History

Damage: -4%(-3hp) hp: 40%(38hp)
You feel very sick.
You feel very sick.
Found 15 gold pieces.
You feel less invigorated.
You feel less confused.
You feel very sick.
You feel sick.
Found 11 gold pieces.
Damage: -2%(-2hp) hp: 42%(39hp)
You feel very sick.
Damage: -4%(-3hp) hp: 38%(36hp)
You feel sick.
Damage: -2%(-2hp) hp: 36%(34hp)
You feel very sick.
Damage: -2%(-2hp) hp: 34%(32hp)
You feel sick.
Damage: -2%(-2hp) hp: 32%(30hp)
You feel sick.
Damage: -2%(-2hp) hp: 30%(28hp)
You feel sick.
Damage: -1%(-1hp) hp: 29%(27hp)
You feel sick.
Damage: -1%(-1hp) hp: 28%(26hp)
You feel sick.
Damage: -2%(-2hp) hp: 26%(24hp)
You feel sick.
Damage: -1%(-1hp) hp: 25%(23hp)
You feel sick.
Damage: -1%(-1hp) hp: 24%(22hp)
You feel sick.
Damage: -1%(-1hp) hp: 23%(21hp)
You feel sick.
The spiny frog is no longer moving slowly.
Damage: -1%(-1hp) hp: 22%(20hp)
You feel sick.
Damage: -2%(-1hp) hp: 20%(19hp)
You feel sick.
Damage: -1%(-1hp) hp: 19%(18hp)
You feel sick.
You feel sick. The spiny frog barely misses you.
Damage: -1%(-1hp) hp: 18%(17hp)
You feel sick.
Damage: -1%(-1hp) hp: 17%(16hp) Space bends around you!
You blink.
* * * LOW HITPOINT WARNING * * *
You feel sick.
Damage: -3%(-3hp) hp: 14%(13hp) Space bends sharply around you!
You blink.
* * * LOW HITPOINT WARNING * * *
You feel sick.
Huge Dmg: -3%(-3hp) hp: 12%(11hp)
You feel sick.
Damage: -1%(-1hp) hp: 11%(10hp) Space bends around you!
You blink.
You feel sick.
You feel sick.
Damage: -1%(-1hp) hp: 10%(9hp) Space bends around you!
You blink.
You feel sick.
You feel sick.
Damage: -1%(-1hp) hp: 9%(8hp)
You feel sick.
Damage: -1%(-1hp) hp: 9%(8hp)
You slash the spiny frog!
You feel better.
The spiny frog is moderately wounded.
You block the spiny frog's attack.
You hit the spiny frog.
The spiny frog is moderately wounded.
The spiny frog stings you but does no damage.
Unknown command.
You slash the spiny frog!
You feel better.
The spiny frog is severely wounded.
You feel sick. You block the spiny frog's attack.
Unknown command.
You hit the spiny frog but do no damage.
The spiny frog is severely wounded.
The spiny frog stings you.
* * * LOW HITPOINT WARNING * * *
You are more poisoned.
The spiny frog poisons you!
Damage: -2%(-2hp) hp: 27%(25hp)
You barely miss the spiny frog.
The spiny frog is severely wounded.
You feel sick. The spiny frog stings you!
* * * LOW HITPOINT WARNING * * *
Huge Dmg: -8%(-7hp) hp: 19%(18hp)
You hit the spiny frog but do no damage.
The spiny frog is severely wounded.
You feel sick. The spiny frog stings you!
* * * LOW MAGIC WARNING * * *;
* * * LOW HITPOINT WARNING * * *
Huge Dmg: -8%(-8hp) hp: 11%(10hp)
You hit the spiny frog but do no damage.
The spiny frog is severely wounded.
You feel sick. The spiny frog stings you!
* * * LOW MAGIC WARNING * * *
You die...

Vault maps used:
D:1:      lightli_arrival_noodles
D:2:      grunt_temple_overflow_cloverleaf, xom_teletrap_fun,
          uniq_crazy_yiuf_cottage
D:3:      first_bread, kennysheep_slug_shrine, uniq_jessica
D:4:      kennysheep_vampire_church, kennysheep_mini, uniq_sigmund
D:5:      uniq_duvessa
D:6:      nicolae_overflow_hidden_temple, lemuel_crystal_altar, uniq_eustachio
D:7:      gammafunk_temple_overflow_statue, serial_shops, shop,
          nicolae_shop_waterfront, nicolae_shop_crystal, grunt_ogre_cave,
          st_stairs_3
D:8:      yredelemnul_altar_generic
D:9:      lemuel_doored_altar, grunt_lair_entry_orc_guard_hut
D:10:     hangedman_cross_stitches, uniq_urug
Temple:   eino_temple_lava
Lair:1:   beast_lair_carwin_2

Notes
Turn   | Place    | Note
-------+----------+-------------------------------------------
     0 | Abyss:1  | hairmachine the Hill Orc Abyssal Knight began the quest for the Orb.
     0 | Abyss:1  | Reached XP level 1. HP: 19/19 MP: 2/2
    46 | Abyss:1  | Noticed a fire dragon zombie
    47 | D:1      | Escaped the Abyss
    80 | D:1      | Reached skill level 3 in Axes
   194 | D:1      | Reached * piety under Lugonu
   238 | D:1      | Reached XP level 2. HP: 26/26 MP: 3/3
   350 | D:1      | Reached skill level 4 in Axes
   613 | D:1      | Reached XP level 3. HP: 29/31 MP: 4/4
   981 | D:1      | Reached skill level 5 in Axes
  1297 | D:2      | Found a shimmering altar of Xom.
  1396 | D:2      | Reached XP level 4. HP: 39/39 MP: 5/5
  1548 | D:2      | Found a sparkling altar of Nemelex Xobeh.
  1551 | D:2      | Found a glowing golden altar of the Shining One.
  1554 | D:2      | Found a blossoming altar of Fedhas.
  1558 | D:2      | Found a shadowy altar of Dithmenos.
  1648 | D:2      | Found a runed door.
  1890 | D:2      | Reached skill level 6 in Axes
  2208 | D:2      | Reached ** piety under Lugonu
  2601 | D:3      | Reached XP level 5. HP: 46/46 MP: 6/6
  3273 | D:3      | Noticed Jessica
  3391 | D:3      | Reached skill level 7 in Axes
  3556 | D:3      | Killed Jessica
  3556 | D:3      | Reached skill level 5 in Fighting
  3556 | D:3      | Reached XP level 6. HP: 49/56 MP: 7/7
  3838 | D:3      | Found a snail-covered altar of Cheibriados.
  3965 | D:3      | Noticed an ice beast
  4181 | D:4      | Noticed hairmachine's ghost (novice HOAK)
  4962 | D:4      | HP: 2/57 [orc wizard/dagger (2)]
  4963 | D:4      | Reached XP level 7. HP: 3/62 MP: 8/8
  5609 | D:4      | Found a white marble altar of Elyvilon.
  5650 | D:4      | Reached skill level 8 in Axes
  5999 | D:4      | Noticed Sigmund
  6020 | D:4      | Killed Sigmund
  6121 | D:4      | Reached *** piety under Lugonu
  6226 | D:5      | Entered Level 5 of the Dungeon
  7341 | D:5      | Reached XP level 8. HP: 57/71 MP: 5/9
  7441 | D:5      | Reached skill level 9 in Axes
  7443 | D:5      | Noticed hairmachine's ghost (amateur HOAK)
  7876 | D:6      | Found a staircase to the Ecumenical Temple.
  7876 | D:6      | Found a hazy altar of Hepliaklqana.
  7889 | Temple   | Entered the Ecumenical Temple
  7962 | Temple   | Reached skill level 5 in Armour
  8606 | D:6      | Found a radiant altar of Vehumet.
  8669 | D:6      | Got a shimmering flail
  8828 | D:6      | Noticed Eustachio
  8845 | D:6      | Killed Eustachio
  8845 | D:6      | Reached skill level 10 in Axes
  8938 | D:7      | Found Ygesch's Jewellery Shop.
  9006 | D:7      | Got a crude lapis lazuli ring
  9007 | D:7      | Identified the ring "Qeff" {*Tele rF+ MP-9 Slay+2 Stlth+} (You found it on level 7 of the Dungeon)
  9049 | D:7      | Noticed a gargoyle
  9062 | D:7      | Reached XP level 9. HP: 75/82 MP: 1/10
  9278 | D:7      | Found Gadghil's Weapon Shop.
  9359 | D:7      | Killed a gargoyle
  9359 | D:7      | Reached **** piety under Lugonu
  9853 | D:7      | Reached skill level 11 in Axes
 10251 | D:7      | Found Ceorr's Antique Weapon Emporium.
 10361 | D:7      | Found a burning altar of Makhleb.
 10362 | D:7      | Found an iron altar of Okawaru.
 11586 | D:8      | Identified the +1 flail of Urgency {crush, *Drain rElec rC+++ Dex+4} (You found it on level 6 of the Dungeon)
 11625 | D:8      | Reached skill level 10 in Fighting
 11625 | D:8      | Reached XP level 10. HP: 82/93 MP: 11/11
 11894 | D:8      | Found a basalt altar of Yredelemnul.
 12015 | D:8      | Reached skill level 12 in Axes
 12193 | D:9      | Noticed varam's ghost (novice TrMo)
 12428 | D:9      | Reached ***** piety under Lugonu
 13553 | D:9      | Reached skill level 5 in Invocations
 13660 | D:9      | Found a basalt altar of Yredelemnul.
 14116 | D:9      | Found a staircase to the Lair.
 14178 | D:10     | Entered Level 10 of the Dungeon
 14593 | D:10     | Noticed a hill giant
 14681 | Lair:1   | Entered Level 1 of the Lair of Beasts
 14687 | Lair:1   | Noticed a spiny frog
 14753 | Lair:1   | Slain by a spiny frog

Vanquished Creatures
  A gargoyle (D:7)
  Sigmund (D:4)
  A wraith (D:10)
  A hungry ghost (D:10)
  Eustachio (D:6)
  A water moccasin (D:8)
  2 orc warriors
  A sky beast (D:7)
  An ice beast (D:8)
  A phantom (D:5)
  9 ogres
  4 centaurs
  A crocodile (D:9)
  A big kobold (D:8)
  11 bullfrogs
  A water moccasin zombie (D:6)
  A scorpion (D:7)
  10 wights
  3 vampire bats (D:4)
  4 howler monkeys
  2 quasits
  8 crimson imps
  A centaur zombie (D:8)
  4 hounds
  2 jellies
  3 orc priests
  A centaur skeleton (D:7)
  3 orc wizards
  Jessica (D:3)
  2 iguanas
  6 worker ants
  2 hound zombies (D:6)
  A howler monkey zombie (D:9)
  17 adders
  7 gnolls
  5 river rats (D:9)
  A shadow imp (D:5)
  2 oozes
  2 adder skeletons
  4 worms
  5 dart slugs
  37 orcs
  2 bat skeletons (D:4)
  A bat zombie (D:4)
  7 giant cockroaches
  6 goblins
  11 hobgoblins
  7 jackals
  14 kobolds
  3 quokkas
  2 ball pythons
  18 bats
  A frilled lizard (D:1)
  A leopard gecko zombie (D:7)
  11 rats
  A fungus (D:9)
257 creatures vanquished.

Vanquished Creatures (others)
  8 fungi (D:9)
  2 plants (D:9)
10 creatures vanquished.

Grand Total: 267 creatures vanquished

Action                   |  1- 3 |  4- 6 |  7- 9 | 10-12 || total
-------------------------+-------+-------+-------+-------++-------
Melee: Hand axe          |   107 |   295 |   200 |       ||   602
       War axe           |       |       |   370 |   347 ||   717
Throw: Tomahawk          |       |       |     5 |    10 ||    15
Invok: Depart the Abyss  |     1 |       |       |       ||     1
       Bend Space        |       |     2 |       |     4 ||     6
Evoke: Wand              |       |     5 |     1 |     4 ||    10
  Use: Potion            |     1 |     6 |     3 |     2 ||    12
       Scroll            |     2 |     3 |     6 |       ||    11
 Stab: Invisible         |       |     1 |       |       ||     1
  Eat: Chunk             |     2 |    11 |    22 |    10 ||    45
       Beef jerky        |       |       |       |     3 ||     3
Armor: Ring mail         |    46 |   147 |    50 |       ||   243
       Leather armour    |     3 |       |       |       ||     3
       Chain mail        |       |       |   264 |   176 ||   440
       Plate armour      |       |       |       |    21 ||    21
       Skin              |       |       |       |    17 ||    17
Dodge: Dodged            |    45 |   193 |   229 |    88 ||   555
Block: Buckler           |       |       |     3 |    54 ||    57

Skill      XL: |  1  2  3  4  5  6  7  8  9 10 |
---------------+-------------------------------+-----
Axes           | 3 4 5 6 7 8 10 11 12 | 12.8
Fighting       | 4 5 6 8 10 11 | 11.1
Armour         | 4 6 7 8 |  8.1
Invocations    | 6 |  6.0
Dodging        | |  0.7
